 Dungeon Crawl Stone Soup version 0.18.1-6-gd335043 (webtiles) character file.

1444 Guinours the Ruffian (level 8, 0/64 HPs)
             Began as a Demonspawn Gladiator on May 20, 2016.
             Was an Initiate of Gozag.
             Succumbed to a water moccasin's poison
             ... on level 6 of the Dungeon.
             The game lasted 00:27:51 (6819 turns).

Guinours the Ruffian (Demonspawn Gladiator)         Turns: 6819, Time: 00:27:52

Health: 0/64       AC: 14    Str: 18    XL:     8   Next: 46%
Magic:  8/8        EV: 11    Int: 10    God:    Gozag
Gold:   280        SH:  4    Dex: 13    Spells: 0 memorised, 7 levels left

rFire  + . .     SeeInvis .       - Unarmed
rCold  . . .     Gourm    .     u - +3 scale mail {rC+}
rNeg   . . .     Faith    +     d - +0 buckler
rPois  .         Spirit   .     n - +0 helmet
rElec  .         Dismiss  .     (no cloak)
rCorr  .         Reflect  .     (no gloves)
SustAt .         Harm     .     (no boots)
MR     .....                    s - amulet of faith
Stlth  ..........               (no ring)
                                v - ring of fire

@: lethally poisoned (0 -> -17), gold aura, not resistant to hostile
enchantments, extremely unstealthy
A: talons 1, rugged brown scales 3
a: Potion Petition, Call Merchant, Bribe Branch, Renounce Religion


You were on level 6 of the Dungeon.
You worshipped Gozag.
Gozag was noncommittal.
You were not hungry.

You visited 1 branch of the dungeon, and saw 6 of its levels.

You collected 609 gold pieces.
You paid 329 gold pieces to Gozag.

Inventory:

Missiles
 c - 5 throwing nets (quivered)
 k - 8 tomahawks
Armour
 d - a +0 buckler (worn)
 n - a +0 helmet (worn)
 u - a +3 scale mail of cold resistance (worn)
Jewellery
 s - an amulet of faith (around neck)
 v - a ring of fire (left hand)
Wands
 A - a wand of lightning (5/15)
Scrolls
 f - 2 scrolls of enchant armour {unknown}
 i - 3 scrolls of immolation
 j - a scroll of amnesia {unknown}
 l - a scroll of remove curse
 p - a scroll of teleportation
 r - a scroll of fear {unknown}
 t - 2 scrolls of recharging
 w - 2 scrolls of random uselessness {unknown}
 y - 2 scrolls of identify
 z - 2 scrolls of enchant weapon {unknown}
 B - a scroll of magic mapping {unknown}
Potions
 a - a potion of ambrosia {unknown}
 e - a potion of mutation {unknown}
 g - 3 potions of degeneration
 h - a potion of resistance {unknown}
 o - a potion of lignification
 x - a potion of brilliance {unknown}
 C - a potion of heal wounds
Books
 E - a book of Summonings

   Spells                             Type                      Level
   a - Recall                         Summoning/Translocation      3
   b - Aura of Abjuration             Summoning                    5
   c - Summon Demon                   Summoning                    5
   d - Summon Forest                  Summoning/Translocation      5
   e - Summon Mana Viper              Hexes/Summoning              5
   f - Shadow Creatures               Summoning                    6
Comestibles
 b - a slice of pizza
 q - a meat ration
 D - a bread ration


   Skills:
 + Level 3.8 Fighting
 - Level 1.7 Throwing
 * Level 5.4 Armour
 + Level 4.7 Dodging
 + Level 1.4 Stealth
 * Level 1.8 Shields
 * Level 5.9 Unarmed Combat


You had 7 spell levels left.
You didn't know any spells.

Dungeon Overview and Level Annotations

Branches:
Dungeon (6/15)
 Temple: D:4-7

Altars:
Fedhas
Gozag
Nemelex Xobeh
Okawaru
Pakellas
Vehumet

Shops:
D:6 *


Innate Abilities, Weirdness & Mutations

You have sharp toenails.
You are completely covered in rugged brown scales (AC +3, +7% HP).


Message History

The water moccasin bites you but does no damage.
You barely miss the water moccasin.
The water moccasin is severely wounded.
The water moccasin bites you!
* * * LOW HITPOINT WARNING * * *
You closely miss the water moccasin.
You claw the water moccasin, but do no damage.
The water moccasin is severely wounded.
* * * LOW HITPOINT WARNING * * *
You feel sick. The water moccasin misses you.
You hit the water moccasin.
The water moccasin is almost dead.
You block the water moccasin's attack. The water moccasin bites you.
* * * LOW HITPOINT WARNING * * *
You are more poisoned.
The water moccasin poisons you!
You hit the water moccasin.
You kill the water moccasin!
You die...
Your body crumbles into a pile of gold.

...
##+##...##$
#...#....
#.@.##..#
#.$.##..####
#.##'###......
#.........##
#.####...).##
.. ##...<...##
...
#.........# !.
+.........+ .
#.........#


There were no monsters in sight!

Vanquished Creatures
  The ghost of inmateoo the Skirmisher, an amateur GrWn of Vehumet (D:5)
  Sigmund (D:3)
  2 water moccasins (D:6)
  A sky beast (D:5)
  A necrophage (D:5)
  A scorpion (D:4)
  2 giant frog zombies (D:5)
  2 orc wizards (D:5)
  2 hounds
  Natasha (thrice) (D:3)
  2 iguanas
  2 worker ants
  Terence (D:2)
  8 gnolls (D:5)
  9 adders
  3 oozes
  A worm (D:3)
  6 giant geckos
  25 orcs
  5 bats
  7 giant cockroaches
  7 goblins
  8 hobgoblins
  5 jackals (D:4)
  A quokka (D:5)
  A ball python skeleton (D:4)
  5 giant newts
  3 kobolds
  A quokka skeleton (D:6)
  14 rats
130 creatures vanquished.

Notes
Turn   | Place    | Note
--------------------------------------------------------------
     0 | D:1      | Guinours the Demonspawn Gladiator began the quest for the Orb.
     0 | D:1      | Reached XP level 1. HP: 16/16 MP: 1/1
   191 | D:1      | Gained mutation: You are partially covered in rugged brown scales (AC +1, +3% HP). [demonic ancestry]
   191 | D:1      | Reached XP level 2. HP: 16/22 MP: 2/2
  1015 | D:1      | Reached XP level 3. HP: 27/27 MP: 3/3
  1447 | D:2      | Reached skill level 1 in Armour
  1840 | D:2      | Noticed Terence
  1870 | D:2      | Killed Terence
  1870 | D:2      | Reached XP level 4. HP: 16/33 MP: 4/4
  2353 | D:3      | Noticed Natasha
  2379 | D:3      | Killed Natasha
  2379 | D:3      | Reached XP level 5. HP: 18/39 MP: 5/5
  2615 | D:3      | Noticed Natasha
  2629 | D:3      | Killed Natasha
  2814 | D:3      | Noticed Sigmund
  2878 | D:3      | Killed Sigmund
  2878 | D:3      | Gained mutation: You have sharp toenails. [demonic ancestry]
  2878 | D:3      | Reached XP level 6. HP: 18/47 MP: 6/6
  3239 | D:3      | Noticed Natasha
  3264 | D:3      | Killed Natasha
  3868 | D:4      | Found a sparkling altar of Nemelex Xobeh.
  3870 | D:4      | Found a radiant altar of Vehumet.
  3970 | D:4      | Found an opulent altar of Gozag.
  4031 | D:4      | Became a worshipper of Gozag Ym Sagoz the Greedy
  4179 | D:4      | Gained mutation: You are mostly covered in rugged brown scales (AC +2, +5% HP). [demonic ancestry]
  4179 | D:4      | Reached XP level 7. HP: 24/54 MP: 7/7
  4525 | D:5      | Entered Level 5 of the Dungeon
  4566 | D:5      | Noticed inmateoo's ghost (amateur GrWn)
  4634 | D:5      | Reached skill level 1 in Stealth
  4634 | D:5      | Reached skill level 5 in Unarmed Combat
  4690 | D:4      | Found an oddly glowing altar of Pakellas.
  4692 | D:4      | Found a blossoming altar of Fedhas.
  5275 | D:5      | HP: 2/54 [orc wizard/dagger (2)]
  6010 | D:5      | Gained mutation: You are completely covered in rugged brown scales (AC +3, +7% HP). [demonic ancestry]
  6010 | D:5      | Reached XP level 8. HP: 47/62 MP: 8/8
  6090 | D:5      | Found an iron altar of Okawaru.
  6283 | D:5      | Killed inmateoo's ghost
  6283 | D:5      | Reached skill level 5 in Armour
  6283 | D:5      | Reached skill level 1 in Shields
  6774 | D:6      | Found Vaor's Serpentskin Sales.
  6816 | D:6      | HP: 3/64 [water moccasin (8)]
  6819 | D:6      | Succumbed to a water moccasin's poison

Skill      XL: |  1  2  3  4  5  6  7  8 |
---------------+-------------------------+-----
Unarmed Combat | 3 4 5 |  5.9
Dodging        | 3 4 |  4.7
Armour         | 1 2 3 4 5 |  5.4
Fighting       | 3 |  3.8
Stealth        | 1 |  1.4
Shields        | 1 |  1.8
Throwing       | |  1.7

Action                   |  1- 3 |  4- 6 |  7- 9 || total
-------------------------+-------+-------+-------++-------
Melee: Unarmed           |   169 |   286 |   406 ||   861
       Punch             |     5 |     6 |     3 ||    14
       Kick              |       |    48 |   106 ||   154
Invok: Potion Petition   |       |       |     2 ||     2
  Use: Scroll            |     2 |     3 |     4 ||     9
       Potion            |       |     3 |     2 ||     5
  Eat: Chunk             |     3 |     3 |     1 ||     7
       Bread ration      |       |     1 |     2 ||     3
       Beef jerky        |       |       |     1 ||     1
Armor: Leather armour    |    38 |       |       ||    38
       Scale mail        |       |   114 |   188 ||   302
Dodge: Dodged            |   108 |   140 |   197 ||   445
Block: Buckler           |       |       |    32 ||    32
